 Dungeon Crawl Stone Soup version 0.30.1-3-gfc49f6343a (webtiles) character file.

Game seed: 10604993818779508678

3392 TheDoctor the Destroyer (level 9, -1/56 HPs)
             Began as a Deep Elf Conjurer on July 29, 2023.
             Slain by an orc warlord
             ... wielding a +4 executioner's axe
              (8 damage)
             ... in a bailey.
             The game lasted 00:27:42 (8761 turns).

TheDoctor the Destroyer (Deep Elf Conjurer)         Turns: 8761, Time: 00:27:43

Health: -1/56      AC:  7    Str:  4    XL:     9   Next: 75%
Magic:  10/24      EV: 27    Int: 34    God:
Gold:   368        SH:  0    Dex: 13    Spells: 13/26 levels left

rFire   . . .        g - staff of conjuration
rCold   . . .        (no shield)
rNeg    . . .        a - +0 robe
rPois   .            v - +1 helmet
rElec   .            E - +1 cloak
rCorr   .            (no gloves)
SInv    .            e - +0 pair of boots
Will    .....        C - amulet of the acrobat
Stlth   ++           u - +6 ring of intelligence
HPRegen 0.29/turn    y - ring of wizardry
MPRegen 0.19/turn

%: acrobat, wizardry (x1)
@: acrobatic
A: no striking features
a: no special abilities


You were in a bailey.
You visited 2 branches of the dungeon, and saw 8 of its levels.
You also visited: Bailey.

You collected 368 gold pieces.

Inventory:

Hand Weapons
 o - a +4 whip of electrocution
 F - a +1 short sword of venom
Missiles
 p - 13 poisoned darts (quivered)
Armour
 a - a +0 robe (worn)
 e - a +0 pair of boots (worn)
 v - a +1 helmet (worn)
 E - a +1 cloak (worn)
Magical Staves
 g - a staff of conjuration (weapon)
Jewellery
 u - a +6 ring of intelligence (left hand)
 y - a ring of wizardry (right hand)
 C - an amulet of the acrobat (around neck)
 D - a +6 ring of intelligence
Wands
 x - a wand of light (2)
Scrolls
 d - a scroll of fear
 f - 2 scrolls of poison {unknown}
 i - 4 scrolls of teleportation
 j - 2 scrolls of immolation {unknown}
 k - a scroll of brand weapon {unknown}
 l - 2 scrolls of identify
 m - 2 scrolls of vulnerability {unknown}
 r - a scroll of amnesia {unknown}
 t - a scroll of enchant armour {unknown}
 A - a scroll of blinking {unknown}
 B - a scroll of enchant weapon {unknown}
Potions
 b - 2 potions of magic
 c - a potion of haste {unknown}
 h - 3 potions of might
 n - a potion of berserk rage
 q - a potion of cancellation {unknown}
 s - a potion of flight {unknown}
 w - a potion of curing
 z - a potion of attraction {unknown}


   Skills:
 + Level 6.6 Fighting
 - Level 2.4 Dodging
 - Level 2.4 Stealth
 + Level 9.1 Spellcasting
 - Level 10.0 Conjurations
 - Level 4.3 Earth Magic


You had 13 spell levels left.
You knew the following spells:

 Your Spells              Type           Power      Damage    Failure   Level
a - Magic Dart            Conj           100%       1d8       1%          1
b - Searing Ray           Conj           100%       2d8       1%          2
c - Dazzling Flash        Conj/Hex       100%       N/A       1%          3
d - Stone Arrow           Conj/Erth      100%       3d13      1%          3
e - Iskenderun's Mystic   Conj/Tloc      65%        2d13      1%          4

Your spell library contained the following spells:

 Spells                   Type           Power      Damage    Failure   Level
 Sting                    Tmut/Pois      60%        1d6       1%          1
 Poisonous Vapours        Pois/Air       30%        N/A       1%          2
 Fulminant Prism          Conj/Hex       32%        3d15      1%          4
 Ozocubu's Armour         Ice            15%        N/A       3%          3
 Animate Armour           Summ/Erth      60%        N/A       4%          4
 Anguish                  Hex/Necr       7%         N/A       12%         4
 Cause Fear               Hex            7%         N/A       12%         4
 Olgreb's Toxic Radiance  Pois           15%        N/A       12%         4
 Lehudib's Crystal Spear  Conj/Erth      38%        10d10     98%         8
 Enfeeble                 Hex            7%         N/A       100%        7
 Ozocubu's Refrigeration  Ice            7%         4d9       100%        7


Dungeon Overview and Level Annotations

Branches:
Dungeon (7/15)             Temple (1/1) D:4          Bailey (1/1)

Altars:
Ashenzari
Cheibriados
Dithmenos
Elyvilon
Fedhas
Gozag
Hepliaklqana
Kikubaaqudgha
Makhleb
Okawaru
Qazlal
Ru
Sif Muna
Trog
Uskayaw
Wu Jian
Xom
Yredelemnul
Zin
The Shining One

Annotations:
D:4 exclusion: downstairs
D:7 Maggie


Message History

The orc warlord is lightly wounded.
Throw: 15 darts (poison)
Press: ? - help, Q - select action, (/) - cycle Shift-Dir - straight line, f/p - orc warlord
Aim: an orc warlord, wielding a +4 executioner's axe and wearing a +0 chain mail (lightly wounded, poisoned, 68% to hit)
You throw a poisoned dart.
The poisoned dart closely misses the orc warlord.
Throw: 14 darts (poison)
Press: ? - help, Q - select action, (/) - cycle Shift-Dir - straight line, f/p - orc warlord
Aim: an orc warlord, wielding a +4 executioner's axe and wearing a +0 chain mail (lightly wounded, poisoned, 68% to hit)
You throw a poisoned dart. The poisoned dart hits the orc warlord.
The orc warlord looks even sicker.
The orc warlord is lightly wounded.
Unknown command.
The orc warlord looks more healthy.
There is an open door here.
Things that are here:
a +0 hand axe; a +0 leather armour
Things that are here:
a +0 hand axe; a +0 leather armour; 14 gold pieces
Things that are here:
a +0 war axe; a +0 plate armour; 27 gold pieces
Things that are here:
a +0 hand axe; a +0 leather armour You now have 368 gold pieces (gained 26).
There is an open door, spattered with blood here.
Items here: )) [[.
The orc warlord attacks as you move away!
The orc warlord completely misses you.
The orc warlord attacks as you move away!
The orc warlord hits you with a +4 executioner's axe!!
* * * LOW HITPOINT WARNING * * *
Things that are here:
a +0 hand axe; a +0 leather armour
Items here: ))) [[[ †.
The orc warlord attacks as you move away!
The orc warlord closely misses you.
Items here: )) [[.
The orc warlord attacks as you move away!
The orc warlord hits you with a +4 executioner's axe!
You die...

♣♣##'')##♣ ##.....##
#....)..# ##.......##
#.........# ##.........##
#######.....⌠.....#######
##.....##.).....))##.....##
#....).)))@o).....).......#
##.......##..).)..##)......#
#.......).#.......#..)......
##.........##.....##..)......
#.....⌠.....#######..)..⌠....
##....)....## ##..)......
#.........# #.........
##....)..## ##.......#
#...)...# #.......#


You could see an orc warlord.

Vanquished Creatures
  Pikel (D:6)
  Sigmund (D:6)
  A wraith (D:6)
  16 orc warriors
  An ice beast (D:7)
  2 ogres (D:6)
  A kobold brigand (D:6)
  7 hounds
  A gnoll bouda (D:7)
  Crazy Yiuf (D:6)
  2 jellies
  4 orc wizards
  2 iguanas (D:5)
  15 gnolls
  4 adders
  A shadow imp (D:7)
  A white imp (D:6)
  3 worms
  3 dart slugs
  26 orcs
  10 endoplasms
  4 giant cockroaches
  14 goblins
  10 hobgoblins
  20 kobolds
  5 ball pythons
  10 bats
  3 frilled lizards
  6 rats
175 creatures vanquished.

Notes
Turn   | Place    | Note
-------+----------+-------------------------------------------
     0 | D:1      | TheDoctor the Deep Elf Conjurer began the quest for the
                  | Orb.
     0 | D:1      | Reached XP level 1. HP: 10/10 MP: 6/6
   530 | D:1      | Reached XP level 2. HP: 15/15 MP: 5/8
   831 | D:2      | Learned a level 2 spell: Searing Ray
  1025 | D:2      | Found a faded altar of an unknown god.
  1055 | D:2      | Reached skill level 5 in Conjurations
  1055 | D:2      | Reached XP level 3. HP: 19/19 MP: 2/10
  1258 | D:2      | Learned a level 3 spell: Dazzling Flash
  1412 | D:2      | Reached XP level 4. HP: 24/24 MP: 7/12
  1686 | D:2      | Reached skill level 5 in Spellcasting
  1877 | D:2      | Reached XP level 5. HP: 28/28 MP: 7/14
  2837 | D:3      | Reached skill level 6 in Conjurations
  3066 | D:4      | Learned a level 3 spell: Stone Arrow
  3111 | D:4      | Found a blossoming altar of Fedhas.
  3556 | D:4      | Reached skill level 1 in Earth Magic
  3738 | D:4      | Found a staircase to the Ecumenical Temple.
  3996 | Temple   | Entered the Ecumenical Temple
  4284 | D:5      | Entered Level 5 of the Dungeon
  4337 | D:5      | Reached XP level 6. HP: 32/32 MP: 10/16
  4955 | D:5      | Noticed a two-headed ogre
  5086 | D:5      | Learned a level 4 spell: Iskenderun's Mystic Blast
  5089 | D:5      | Reached skill level 7 in Conjurations
  5495 | D:6      | Reached XP level 7. HP: 36/36 MP: 11/17
  5743 | D:6      | Noticed Pikel
  5799 | D:6      | Killed Pikel
  5800 | D:6      | Reached skill level 8 in Conjurations
  5800 | D:6      | Reached XP level 8. HP: 39/45 MP: 10/18
  5961 | D:6      | Found a runed translucent door.
  5962 | D:6      | Noticed Crazy Yiuf
  6101 | D:6      | Reached skill level 9 in Conjurations
  6208 | D:6      | Noticed Sigmund
  6211 | D:6      | Killed Sigmund
  6994 | D:6      | Killed Crazy Yiuf
  7162 | D:7      | Reached skill level 10 in Conjurations
  7162 | D:7      | Noticed Maggie
  7314 | D:7      | Found a flagged portal.
  7324 | Bailey   | Entered a bailey
  7554 | Bailey   | Reached skill level 5 in Fighting
  7554 | Bailey   | Reached XP level 9. HP: 38/54 MP: 4/20
  8417 | Bailey   | Noticed an orc warlord
  8761 | Bailey   | Slain by an orc warlord

Illustrated notes

Levels and vault maps discovered:
D:1:      dpeg_arrival_castle, layout_basic
D:2:      layout_rooms, ebering_ecumenical_altar_hall, grunt_ministairs_7,
          minmay_divided_ellipse
D:3:      layout_loops_corners
D:4:      layout_gridville, mainiacjoe_overflow_small_starburst, temple_statues,
          serial_bayou_ford_a, chequers_serial_rivers_small_b
D:5:      layout_basic
D:6:      wander_river, layout_cave_pods, minmay_tree_intersection,
          minmay_misc_feat_more_columns, uniq_crazy_yiuf_cottage, uniq_sigmund,
          uniq_pikel
D:7:      layout_loops_corners, enter_bailey_4, serial_demonic,
          serial_demonic_c, serial_demonic_d, serial_demonic_f,
          serial_demonic_f, minmay_fractal_squares_5, uniq_maggie
Temple:   nicolae_temple_bog_church
Bailey:   bailey_axe_minmay_hex_keep, bailey

Skill      XL: |  1  2  3  4  5  6  7  8  9 |
---------------+----------------------------+-----
Spellcasting   | 4 5 6 9 |  9.1
Conjurations   | 5 6 7 8 10 | 10.0
Earth Magic    | 2 4 |  4.3
Fighting       | 2 5 6 |  6.6
Dodging        | |  2.4
Stealth        | |  2.4

Action                     |  1- 3 |  4- 6 |  7- 9 || total
---------------------------+-------+-------+-------++-------
  Melee: Whip              |       |       |    10 ||    10
         Staff             |       |       |     2 ||     2
  Throw: Dart              |       |       |     4 ||     4
   Cast: Magic Dart        |    49 |   119 |   120 ||   288
         Searing Ray       |     2 |    13 |     8 ||    23
         Stone Arrow       |       |       |    62 ||    62
         Iskenderun's Myst |       |       |     7 ||     7
    Use: Scroll            |     2 |       |     2 ||     4
         Potion            |       |       |     2 ||     2
 Armour: Robe              |     1 |     2 |    17 ||    20
  Dodge: Dodged            |     2 |    11 |    73 ||    86
